← All builds
Suicide front / Armada / Factory first / OBSERVED BUILD

Standard suicide front

The role's default: factory first (mostly Bot Lab), pushing Rocketeer-led bot play into the middle to contest and hold the front, with an Advanced Metal Extractor around 9:36 as the natural transition.

Usually lab first (63%)

#raid #push · 1289 distinct matches · 127 players · 71% of Armada Suicide front games · team won 59% of 1527 · Recently observed

HOW TO PLAY IT

Key timing: Bot Lab by 0:20

  1. Open with mex and wind, drop Bot Lab immediately.
  2. Push out first "Centurion" as Pond's boost lands.
  3. Send "Rocketeer", "Centurion", "Pawn" mix to contest middle.
  4. Add Dragon's Teeth and Sentries to hold the line.
  5. Get Advanced Metal Extractor up as T2 nears.

Phase by phase

TYPICAL OF ITS 1289 GAMES
  1. 1
  2. 2
  3. 3
PLAY THE OPENING

Follow the example game's first 6:00 step by step: what to build now, what comes next, and where it goes. At 1× it keeps pace with your own game.

  1. 1

    Bot Lab first

    Order
    1. Bot LabBot Lab done ~0:20, middle half 0:20–0:33

    Some games also: mex (36%)

  2. 2

    Bot Lab to 5:00

    Economy
    • Metal Extractor5Mex
    • Wind Turbine4Wind
    Builders
    • Construction Bot3 Con bot
    • Lazarus2 Lazarus
    Army
    • Sentry4 Sentry
    • Rocketeer17 Rocketeer
    • Tick2 Tick
    • Centurion1 Centurion
    Other
    • Radar Tower1 Radar Tower

    Some games also: con turret (35%) · pawn (32%)

    By 5:00 in all: 5 mex · 4 wind

    The example game in this phase · 36 steps
    1. Mex
    2. TickTick
    3. Mex
    4. TickTick
    5. Construction BotCon bot
    6. Wind ×2
    7. Mex
    8. Construction BotCon bot
    9. Mex
    10. CenturionCenturion
    11. LazarusLazarus
    12. Mex
    13. Construction BotCon bot
    14. SentrySentry
    15. RocketeerRocketeer
    16. SentrySentry
    17. RocketeerRocketeer
    18. Radar TowerRadar Tower
    19. RocketeerRocketeer
    20. Mex
    21. RocketeerRocketeer ×3
    22. SentrySentry
    23. RocketeerRocketeer ×2
    24. SentrySentry
    25. RocketeerRocketeer
    26. SentrySentry
    27. RocketeerRocketeer ×2
    28. SentrySentry
    29. RocketeerRocketeer
    30. SentrySentry
    31. RocketeerRocketeer ×6
    32. BeamerBeamer
    33. RocketeerRocketeer ×2
    34. SentrySentry
    35. RocketeerRocketeer
    36. Solar
  3. 3

    5:00 to 10:00

    Economy
    • Metal Extractor1Mex
    • Wind Turbine17Wind
    Builders
    • Construction Turret2 Con turret
    • Lazarus2 Lazarus
    • Construction Bot1 Con bot
    Army
    • Sentry1 Sentry
    • Rocketeer8 Rocketeer
    • Pawn1 Pawn

    Some games also: tick (47%) · energy storage (46%) · Radar Tower (46%) · centurion (45%) · Beamer (39%)

    By 10:00 in all: 6 mex · 23 wind · 1 energy storage · 3 con turret

    The example game in this phase · 141 steps
    1. RocketeerRocketeer
    2. Wind
    3. SentrySentry
    4. Wind
    5. RocketeerRocketeer
    6. Wind
    7. Mex
    8. RocketeerRocketeer
    9. Wind
    10. Construction BotCon bot
    11. Wind
    12. SentrySentry
    13. Wind
    14. Construction BotCon bot
    15. Wind ×2
    16. RocketeerRocketeer
    17. SentrySentry
    18. RocketeerRocketeer
    19. Wind
    20. RocketeerRocketeer
    21. PawnPawn
    22. SentrySentry
    23. Wind
    24. BeamerBeamer
    25. LazarusLazarus
    26. SentrySentry
    27. Wind
    28. LazarusLazarus
    29. Wind
    30. PawnPawn
    31. Wind
    32. PawnPawn ×2
    33. Energy storage
    34. PawnPawn ×2
    35. Mex
    36. PawnPawn
    37. Mex
    38. Energy storage
    39. GauntletGauntletnot finished by 15:00
    40. Mex
    41. PawnPawn
    42. Con turret
    43. Wind
    44. PawnPawn
    45. Wind
    46. PawnPawn ×2
    47. Wind
    48. BeamerBeamer
    49. PawnPawn
    50. Wind
    51. PawnPawn ×2
    52. Wind
    53. PawnPawn ×2
    54. Wind
    55. Advanced Metal ExtractorT2 mexdone 10:38 · typical 9:36
    56. PawnPawn
    57. Wind
    58. PawnPawn
    59. Wind ×4
    60. BeamerBeamer
    61. Wind
    62. BeamerBeamer ×2
    63. Wind
    64. Advanced Metal ExtractorT2 mex
    65. Wind
    66. PawnPawn
    67. Wind
    68. Con turret
    69. PawnPawn
    70. Wind ×2
    71. PawnPawn
    72. Advanced Metal ExtractorT2 mex
    73. Wind
    74. PawnPawn
    75. Wind
    76. PawnPawn
    77. Wind
    78. PawnPawn
    79. Con turret
    80. Wind
    81. PawnPawn
    82. Advanced Metal ExtractorT2 mex
    83. Wind
    84. Con turret
    85. PawnPawn
    86. Wind
    87. Vehicle PlantVehicle Plantdone 12:47
    88. PawnPawn
    89. Vehicle PlantVehicle Plantdone 12:56
    90. Wind
    91. BlitzBlitz
    92. PawnPawn
    93. BlitzBlitz ×2
    94. LazarusLazarus
    95. BlitzBlitz ×2
    96. Wind
    97. Advanced Metal ExtractorT2 mex
    98. BlitzBlitz ×4
    99. Wind
    100. Con turret
    101. BlitzBlitz
    102. LazarusLazarus
    103. Con turret
    104. BlitzBlitz
    105. Wind
    106. BlitzBlitz
    107. Radar TowerRadar Tower
    108. Con turret
    109. LazarusLazarus
    110. BlitzBlitz ×2
    111. Wind
    112. Mex
    113. Advanced solar
    114. BlitzBlitz ×3
    115. Wind
    116. BlitzBlitz ×2
    117. SentrySentry
    118. LazarusLazarus
    119. BlitzBlitz
    120. Wind
    121. BlitzBlitz
    122. Wind
    123. Advanced solar
    124. BlitzBlitz ×4
    125. Wind
    126. SentrySentry
    127. BlitzBlitz ×2
    128. LazarusLazarus
    129. BlitzBlitz ×3
    130. Wind
    131. BlitzBlitz ×2
    132. SentrySentry
    133. Wind
    134. BlitzBlitz ×6
    135. Wind
    136. BlitzBlitz ×4
    137. Sneaky PeteSneaky Pete
    138. Wind
    139. BlitzBlitz ×3
    140. Wind
    141. BlitzBlitz ×6

Counts are medians over the build's games: half of them build more, half fewer. The example game is PlatinumBlonde's (59 OS, 26/09/2026); pick another.

Team trades

IN AT LEAST 30% OF ITS GAMES

You hand over

Nothing regular.

You get

  • Tidal Generator4 Tidal from Pondfirst at 0:10 · in 69% of games
  • Advanced Construction Bot1 T2 con bot from Geo or Techfirst at 7:31 · in 59% of games

How it plays out

Typical game of this build, running totals by minute

Metal produced

010k20k30k
0:005:0010:0015:00

metal

Enemy metal destroyed

05k10k
0:005:0010:0015:00

metal

Own metal lost

05k10k
0:005:0010:0015:00

metal

1527 games.

Show as table
ByMetal produced: This buildEnemy metal destroyed: This buildOwn metal lost: This build
1:0022600
2:0088800
3:002050179106
4:003161658496
5:00424314121026
6:00543322971789
7:00667031752710
8:00792040293619
9:00931747894495
10:001069754225316
11:001226558996054
12:001411464906830
13:001623070097536
14:001811476808373
15:002046683169249
WHAT THE NUMBERS SAY

Standard suicide front play wins slightly more than half its games with fast kills but also fast losses, matching the raw grind of the role.

  • + First kill lands by 2:04 in all games
  • + Metal produced reaches 19882 by 15:00
  • − Own metal lost hits 9208 by 15:00, near metal destroyed of 8172
  • − First unit lost as early as 2:08 in every game
THE EXAMPLE YOU ARE READING

PlatinumBlonde

59.2 OS · 26/09/2026

Open source match ↗

8 received units · includes a constructor
1037 metal received · 29922 energy received

Allied construction assistance is unknown. Timings are observations, not a promise of solo reproducibility.

Typical milestones

Bot Lab0:20Middle 50%: 0:20–0:33 · n=1520
Advanced Metal Extractor9:36Middle 50%: 8:41–10:48 · n=1126

Played most by

_X_253games of this buildPlatinumBlonde181games of this buildXad120games of this buildImmort73games of this buildwatermeloans58games of this build